 Dungeon Crawl Stone Soup version 0.23.0 (webtiles) character file.

Game seed: 15554706853682444104

9791 teukkam the Archer (level 11, -5/226 HPs)
             Began as a Minotaur Fighter on Feb 8, 2019.
             Was a High Priest of Wu Jian.
             Slain by a warg (6 damage)
             ... led by an orc knight
             ... on level 1 of the Orcish Mines on Feb 11, 2019.
             The game lasted 00:54:01 (9266 turns).

teukkam the Archer (Minotaur Fighter)               Turns: 9266, Time: 00:54:01

Health: -5/226     AC: 28    Str: 26    XL:     11   Next: 27%
Magic:  0/10       EV:  2    Int:  5    God:    Wu Jian [*****.]
Gold:   1659       SH:  0    Dex: 17    Spells: 10/10 levels left

rFire    . . .     SeeInvis .   a - +3 dagger (venom)
rCold    . . .     Gourm    .   (no shield)
rNeg     + + +     Faith    .   (armour currently unavailable)
rPois    +         Spirit   +   (helmet currently unavailable)
rElec    .         Reflect  .   (cloak currently unavailable)
rCorr    .         Harm     .   (gloves currently unavailable)
MR       .....     NoTele   +   (boots currently unavailable)
Stlth    ..........             t - amulet of Reimbursement {Spirit Dex+3}
HPRegen  0.47/turn              I - ring "Lafema" {rPois rN+ Dex+3}
MPRegen  0.12/turn              E - +3 ring of protection

@: berserking (expiring), tree-form, very slightly contaminated, very quick
A: (retaliatory headbutt), weak 1, MP-powered wands
a: Wall Jump, Serpent's Lash, Heavenly Storm, Renounce Religion


You were on level 1 of the Orcish Mines.
You worshipped Wu Jian.
Wu Jian was extremely pleased with you.
You were not hungry.
You were a tree.
You visited 3 branches of the dungeon, and saw 12 of its levels.
You also visited: Ossuary and Bailey.

You collected 1659 gold pieces.

Inventory:

Hand Weapons
 a - a +3 dagger of venom (weapon)
 b - the +3 shortbow of Vopouca {speed, rC+ rN+}
   (You found it on level 7 of the Dungeon)

   Attacks with this weapon are significantly faster.
   It protects you from cold.
   It protects you from negative energy.
 d - a +0 hand axe of freezing
 h - a +0 shortbow
 o - a +0 war axe
 r - a +2 whip of flaming
 u - a +2 flail of venom
Missiles
 e - 40 tomahawks of returning
 g - 56 sling bullets
 l - 194 arrows
 p - 4 tomahawks (quivered)
 M - 11 poisoned needles
 P - 35 bolts
Armour
 c - a +0 shield
 m - a +0 chain mail of magic resistance (melded)
 F - a +2 hat (melded)
Jewellery
 n - an uncursed ring of poison resistance
 t - the amulet of Reimbursement (around neck) {Spirit Dex+3}
   (You found it on level 5 of the Dungeon)

   [amulet of guardian spirit]

   It causes incoming damage to be split between your health and magic.
   It affects your dexterity (+3).
 E - a +3 ring of protection (right branch)
 I - the ring "Lafema" (left branch) {rPois rN+ Dex+3}
   (You took it off an orc priest on level 9 of the Dungeon)

   [ring of positive energy]

   It affects your dexterity (+3).
   It protects you from poison.
   It protects you from negative energy.
 R - an uncursed ring of protection from magic
Wands
 Q - a wand of polymorph (7)
Scrolls
 i - a scroll of teleportation
 j - 12 scrolls of identify
 q - 3 scrolls of remove curse
 y - 2 scrolls of fear
 N - a scroll of enchant armour {unknown}
 S - a scroll of summoning {unknown}
Potions
 w - a potion of invisibility {unknown}
 x - 8 potions of flight
 z - a potion of berserk rage
 A - 2 potions of lignification
 B - 3 potions of mutation
 C - a potion of ambrosia
 D - a potion of curing {unknown}
 G - 2 potions of haste
 H - 2 potions of brilliance {unknown}
 L - a potion of agility
 O - a potion of magic {unknown}
Comestibles
 f - 18 rations


   Skills:
 - Level 10.5 Fighting
 - Level 7.0 Short Blades
 - Level 3.5(4.6) Axes
 - Level 4.7(5.3) Maces & Flails
 + Level 12.7 Bows
 - Level 2.8 Throwing
 - Level 5.8 Armour
 - Level 5.9 Shields


You had 10 spell levels left.
You didn't know any spells.
Your spell library contained the following spells:

 Spells                   Type           Power        Failure   Level  Hunger
 Confusing Touch          Hex            #.....       47%         1    ##.....
 Flame Tongue             Conj/Fire      #....        47%         1    ##.....
 Magic Dart               Conj           #...         47%         1    ##.....
 Blink                    Tloc           N/A          63%         2    ###....
 Call Imp                 Summ           #.......     63%         2    ###....
 Slow                     Hex            #.......     63%         2    ###....
 Throw Flame              Conj/Fire      #.....       63%         2    ###....
 Confuse                  Hex            #.......     85%         3    ####...
 Conjure Flame            Conj/Fire      #.......     85%         3    ####...
 Gell's Gravitas          Tloc           #.........   85%         3    ####...
 Inner Flame              Hex/Fire       #.......     85%         3    ####...
 Mephitic Cloud           Conj/Pois/Air  #.......     85%         3    ####...
 Petrify                  Tmut/Erth      #.......     99%         4    #####..
 Sticky Flame             Conj/Fire      #.......     99%         4    #####..
 Fireball                 Conj/Fire      #.........   100%        5    ######.
 Metabolic Englaciation   Hex/Ice        #.........   100%        5    ######.
 Yara's Violent Unravell  Hex/Tmut       #.........   100%        5    ######.


Dungeon Overview and Level Annotations

Branches:
Dungeon (9/15)             Temple (1/1) D:5             Orc (2/2) D:9
    Elf (0/3) Orc:2
   Lair: D:8-11

Altars:
Cheibriados
Dithmenos
Elyvilon
Fedhas
Nemelex Xobeh
Qazlal
Sif Muna
Trog
Uskayaw
Vehumet
Wu Jian
Xom
Yredelemnul
Zin
The Shining One

Shops:
D:9 }

Annotations:
D:5 1 runed translucent door, Twixt's ghost, novice MiFi
D:6 Edmund


Innate Abilities, Weirdness & Mutations

((You reflexively headbutt those who attack you in melee.))
((You have a pair of horns on your head.))
((Your system is resistant to poisons. (rPois)))
You are weak. (Str -2)
You expend magic power (3 MP) to strengthen your wands.


Message History

The warg bites you.
* * * LOW HITPOINT WARNING * * *
The orc warrior hits you but does no damage.
You hit the orc warrior but do no damage.
The orc warrior is poisoned.
The orc wizard gestures at you while chanting.
The puff of flame hits you but does no damage.
The orc warrior hits you with a +0 battleaxe!!
* * * LOW HITPOINT WARNING * * *
The warg bites you but does no damage.
The orc warrior hits you but does no damage.
You puncture the orc wizard!
The orc wizard looks as sick as possible!
The orc wizard is heavily wounded.
You hit the orc warrior but do no damage.
The orc warrior is poisoned.
The orc warrior no longer looks unusually strong.
The orc warrior hits you but does no damage. x2
The warg bites you.
You die...

,,,,*,,,$.(...#.....$(.....o.†.##
,,,,,,,,.............((..........
,,*,,,,,.......(...#..#..o.......
,,,,,,,,..$..#.........#oo...#.#.
,,*,*,,,..$..#.o..##........####.
,*****,,.....#...............# *#
****,,,,,,,...#.#oo.......#.## *
*,,,,*,,,,,#.oooo.......###
**,*****,,,*#.♣ho...#....* ***
*,,,**###o#...###.## **,,,*
####.## ### **,** ##* *** # #
###### ##.#.#.


You could see an orc knight, a warg, 4 orc warriors, 2 orc wizards and 2 orcs.

Vanquished Creatures
  3 two-headed ogres
  An orc knight (Bailey)
  An ugly thing (D:9)
  An orc sorcerer (Orc:1)
  A hippogriff (D:7)
  Sigmund (D:5)
  2 wyverns
  8 wargs
  4 orc warriors
  3 sky beasts
  9 ogres
  4 phantoms
  5 centaurs
  3 big kobolds
  2 bullfrogs
  A gnoll sergeant (D:8)
  2 scorpions
  9 killer bees
  2 howler monkeys
  4 wights (D:7)
  8 crimson imps
  2 bullfrog zombies
  6 hounds
  2 centaur zombies (Ossuary)
  2 jellies (D:9)
  4 orc priests
  3 bullfrog skeletons
  A centaur skeleton (D:9)
  A gnoll shaman (D:8)
  An iguana (D:8)
  10 worker ants
  6 orc wizards
  Natasha (twice) (D:2)
  A hound skeleton (D:5)
  3 mummies (Ossuary)
  13 gnolls
  A howler monkey skeleton (D:7)
  14 adders
  3 shadow imps
  2 adder skeletons
  2 worms (D:4)
  3 dart slugs
  A leopard gecko (D:6)
  45 orcs
  A ball python (D:1)
  7 giant cockroaches
  A gnoll zombie (Ossuary)
  9 goblins
  11 hobgoblins
  4 quokkas
  7 bats
  5 frilled lizards
  A hobgoblin zombie (Ossuary)
  33 kobolds
  A leopard gecko skeleton (D:5)
  A leopard gecko zombie (D:7)
  A quokka zombie (D:8)
  16 rats
300 creatures vanquished.

Notes
Turn   | Place    | Note
-------+----------+-------------------------------------------
     0 | D:1      | teukkam the Minotaur Fighter began the quest for the Orb.
     0 | D:1      | Reached XP level 1. HP: 19/19 MP: 0/0
     8 | D:1      | Noticed an electric eel
   127 | D:1      | Reached XP level 2. HP: 27/27 MP: 1/1
   349 | D:3      | Reached XP level 3. HP: 15/35 MP: 2/2
   664 | D:3      | Noticed a centaur
   676 | D:3      | Killed a centaur
   676 | D:3      | Reached skill level 5 in Fighting
   676 | D:3      | Reached XP level 4. HP: 37/42 MP: 3/3
   710 | D:3      | Reached XP level 5. HP: 30/48 MP: 4/4
   932 | D:5      | Entered Level 5 of the Dungeon
   961 | D:5      | Noticed an ogre
   968 | D:5      | Killed an ogre
   968 | D:5      | Reached skill level 1 in Maces & Flails
   968 | D:5      | Reached skill level 1 in Throwing
   971 | D:5      | Noticed Twixt's ghost (novice MiFi)
   974 | D:5      | Found a runed translucent door.
   989 | D:5      | Found a staircase to the Ecumenical Temple.
   998 | Temple   | Entered the Ecumenical Temple
  1011 | Temple   | Became a worshipper of the Wu Jian Council
  1027 | D:5      | Reached skill level 5 in Shields
  1033 | D:5      | Got a smoking steel amulet
  1039 | D:5      | Found a sand-covered staircase.
  1049 | Ossuary  | Entered an ossuary
  1110 | Ossuary  | Identified the amulet of Reimbursement {Spirit Dex+3} (You
                  | found it on level 5 of the Dungeon)
  1135 | Ossuary  | Reached XP level 6. HP: 52/56 MP: 2/5
  1254 | Ossuary  | Reached skill level 5 in Armour
  1337 | D:5      | Noticed Sigmund
  1366 | D:5      | Killed Sigmund
  1366 | D:5      | Reached XP level 7. HP: 38/62 MP: 4/6
  1631 | D:5      | Found a white marble altar of Elyvilon.
  2011 | D:1      | Reached * piety under Wu Jian
  2644 | D:2      | Noticed Natasha
  2651 | D:2      | Killed Natasha
  2731 | D:2      | Noticed Natasha
  2735 | D:2      | Killed Natasha
  3066 | D:3      | Reached ** piety under Wu Jian
  3140 | D:3      | Reached XP level 8. HP: 71/71 MP: 7/7
  3473 | D:4      | Reached skill level 1 in Short Blades
  4301 | D:5      | Found a bloodstained altar of Trog.
  4796 | D:6      | You fall through a shaft for 2 floors!
  4796 | D:8      | Noticed a two-headed ogre
  4799 | D:8      | Noticed a two-headed ogre
  4973 | D:6      | Noticed Edmund
  5208 | D:7      | Reached skill level 5 in Short Blades
  5276 | D:7      | Reached XP level 9. HP: 83/83 MP: 8/8
  5297 | D:7      | Reached *** piety under Wu Jian
  5396 | D:7      | Found a hide-covered altar of Uskayaw.
  5404 | D:7      | Found a radiant altar of Vehumet.
  5405 | D:7      | Found a glowing golden altar of the Shining One.
  5408 | D:7      | Found a shimmering altar of Xom.
  5492 | D:7      | Reached skill level 10 in Fighting
  5794 | D:7      | Found a stormy altar of Qazlal.
  5811 | D:7      | Got a transparent shortbow
  5817 | D:7      | Identified the cursed +3 shortbow of Vopouca {speed, rC+
                  | rN+} (You found it on level 7 of the Dungeon)
  6003 | D:8      | Reached skill level 1 in Bows
  6026 | D:8      | Reached skill level 2 in Bows
  6122 | D:8      | Killed a two-headed ogre
  6122 | D:8      | Reached skill level 5 in Bows
  6122 | D:8      | Reached skill level 6 in Bows
  6138 | D:8      | Reached XP level 10. HP: 48/94 MP: 5/9
  6213 | D:8      | Reached **** piety under Wu Jian
  6258 | D:8      | Reached skill level 7 in Bows
  6724 | D:8      | Reached skill level 8 in Bows
  7075 | D:8      | Killed a two-headed ogre
  7075 | D:8      | Reached skill level 9 in Bows
  7209 | D:9      | Identified the ring "Lafema" {rPois rN+ Dex+3}
  7229 | D:9      | Reached skill level 10 in Bows
  7234 | D:9      | Found a staircase to the Orcish Mines.
  7335 | D:9      | Noticed a two-headed ogre
  7346 | D:9      | Killed a two-headed ogre
  7346 | D:9      | Reached skill level 11 in Bows
  7739 | D:9      | Noticed a cyan ugly thing
  7749 | D:9      | Killed a cyan ugly thing
  7749 | D:9      | Reached XP level 11. HP: 97/101 MP: 10/10
  7892 | D:9      | Found Notoesk's Gadget Boutique.
  7951 | Orc:1    | Entered Level 1 of the Orcish Mines
  7964 | Orc:1    | Noticed an orc warlord
  7968 | Orc:1    | Noticed an orc knight
  7980 | D:9      | Reached ***** piety under Wu Jian
  8051 | Orc:1    | Noticed an orc knight
  8191 | Orc:1    | Noticed an orc sorcerer
  8202 | Orc:1    | Killed an orc sorcerer
  8252 | Orc:2    | Entered Level 2 of the Orcish Mines
  8377 | Orc:2    | Noticed an orc knight
  8393 | Orc:1    | Reached skill level 12 in Bows
  8493 | Orc:2    | Found a staircase to the Elven Halls.
  8500 | Orc:1    | Found a flagged portal.
  8510 | Bailey   | Entered a bailey
  8691 | Bailey   | Noticed an orc knight
  8790 | Bailey   | Killed an orc knight
  9245 | Orc:1    | Gained mutation: You are weak. (Str -2) [potion of
                  | mutation]
  9245 | Orc:1    | Gained mutation: You expend magic power (3 MP) to
                  | strengthen your wands. [potion of mutation]
  9245 | Orc:1    | Gained mutation: Your system is resistant to poisons.
                  | (rPois) [potion of mutation]
  9248 | Orc:1    | Identified the cursed +0 hand axe "Newtbane" {chaos, *Drain
                  | rF+ Stlth+}
  9264 | Orc:1    | HP: 1/226 [orc warrior/+0 battleaxe[an orc knight] (22)]
  9266 | Orc:1    | Slain by a warg

Skill      XL: |  1  2  3  4  5  6  7  8  9 10 11 |
---------------+----------------------------------+-----
Fighting       | 4 5 6 9 10 | 10.5
Armour         | 4 5 |  5.8
Axes           | 3 |  3.5
Shields        | 4 5 |  5.9
Maces & Flails | 1 2 4 |  4.7
Throwing       | 1 2 |  2.8
Short Blades   | 5 7 |  7.0
Bows           | 6 11 12 | 12.7

Action                   |  1- 3 |  4- 6 |  7- 9 | 10-12 || total
-------------------------+-------+-------+-------+-------++-------
Melee: War axe           |    54 |    32 |    20 |       ||   106
       Headbutt          |     7 |    11 |   114 |   103 ||   235
       Flail             |       |    55 |   165 |       ||   220
       Dagger            |       |       |   251 |   365 ||   616
       Shortbow          |       |       |       |     1 ||     1
 Fire: Shortbow          |       |       |    11 |   140 ||   151
Throw: Tomahawk          |       |     6 |    34 |       ||    40
Invok: Lunge             |       |     1 |    49 |    31 ||    81
       Whirlwind         |       |       |   124 |   115 ||   239
 Abil: Wall Jump         |       |       |    16 |     6 ||    22
Evoke: Wand              |       |       |     1 |     2 ||     3
  Use: Potion            |     2 |     2 |     1 |     5 ||    10
       Scroll            |       |     6 |     6 |     8 ||    20
  Eat: Chunk             |       |     1 |     3 |     2 ||     6
       Ration            |       |     1 |     3 |     3 ||     7
Armor: Scale mail        |    32 |    20 |    22 |       ||    74
       Chain mail        |       |       |   117 |   149 ||   266
       Skin              |       |       |       |    25 ||    25
Dodge: Dodged            |    23 |    20 |    86 |   100 ||   229
Block: Shield            |    34 |    37 |   151 |       ||   222
